 Dungeon Crawl Stone Soup version 0.25-a0-287-g56a5b49892 (webtiles) character file.

Game seed: 6980204599763586087, levelgen mode: deterministic

39 MoonlitKnight the Ruffian (level 3, -1/32 HPs)
             Began as a Naga Transmuter on Dec 12, 2019.
             Slain by a goblin
             ... wielding a +0 dagger
             ... led by Robin
              (4 damage)
             ... on level 2 of the Dungeon.
             The game lasted 00:05:20 (1257 turns).

MoonlitKnight the Ruffian (Naga Transmuter)         Turns: 1257, Time: 00:05:21

Health: -1/32      AC:  3    Str: 12    XL:     3   Next: 47%
Magic:  1/6        EV:  9    Int: 14    God:
Gold:   29         SH:  0    Dex: 11    Spells: 3/6 levels left

rFire    . . .     SeeInvis +     - Unarmed
rCold    . . .     Gourm    .   (no shield)
rNeg     . . .     Faith    .   b - +0 robe
rPois    +         Spirit   .   c - +0 helmet (curse)
rElec    .         Reflect  .   (no cloak)
rCorr    .         Harm     .   (no gloves)
MR       .....                  (no barding)
Stlth    +.........             (no amulet)
HPRegen  0.10/turn              (no ring)
MPRegen  0.10/turn              (no ring)

@: very slightly contaminated, drained, very slow
A: large, see invisible, deformed body, poison resistance, slowness 2, slow
metabolism 1, spit poison 1, AC +1
a: Spit Poison


You were on level 2 of the Dungeon.
You were hungry.

You visited 1 branch of the dungeon, and saw 2 of its levels.

You collected 29 gold pieces.

Inventory:

Missiles
 a - 11 arrows
 k - 6 javelins (quivered)
Armour
 b - a +0 robe (worn)
 c - a cursed +0 helmet (worn)
Jewellery
 h - an uncursed ring of wizardry {unknown}
Scrolls
 g - a scroll of fear {unknown}
Potions
 e - 2 potions of haste {unknown}
 i - a potion of lignification {unknown}
 j - a potion of berserk rage {unknown}
Comestibles
 d - 3 rations


   Skills:
 + Level 2.0(1.0) Fighting
 - Level 1.5(0.6) Dodging
 + Level 3.5(2.5) Unarmed Combat
 - Level 2.0(1.0) Spellcasting
 + Level 2.6(1.7) Transmutations


You had 3 spell levels left.
You knew the following spells:

 Your Spells              Type           Power        Failure   Level  Hunger
a - Beastly Appendage     Tmut           #.....       13%         1    ##.....
b - Sticks to Snakes      Tmut           #.......     21%         2    ###....

Your spell library contained the following spells:

 Spells                   Type           Power        Failure   Level  Hunger
 Spider Form              Tmut/Pois      #.........   50%         3    ####...
 Ice Form                 Ice/Tmut       #.......     88%         4    #####..
 Blade Hands              Tmut           #.........   98%         5    ######.


Dungeon Overview and Level Annotations

Branches:
Dungeon (2/15)

Altars:


Innate Abilities, Weirdness & Mutations

You cannot wear boots.
Your serpentine skin is tough. (AC +1)
You have supernaturally acute eyesight. (SInv)
Armour fits poorly on your strangely shaped body.
Your system is resistant to poisons. (rPois)
You cover ground very slowly.
You have a slow metabolism.
You can spit poison.


Message History

Robin is moderately wounded.
Your adder bites Robin.
Robin closely misses your adder.
Your adder bites Robin.
Robin is poisoned.
Your adder poisons Robin!
You hit Robin.
Robin is almost dead.
The goblin unwields a +0 hunting sling.
The goblin wields a +0 dagger.
The goblin hits you with a +0 dagger.
* * * LOW HITPOINT WARNING * * *
The goblin hits you but does no damage.
Your adder bites Robin but does no damage.
You hit Robin.
You kill Robin!
Your base Fighting skill increases to level 2!
The goblin barely misses you. The goblin hits you with a +0 dagger.
* * * LOW HITPOINT WARNING * * *
You closely miss the goblin. The goblin barely misses you.
You barely miss the goblin.
Your adder bites the goblin.
The goblin is poisoned.
Your adder poisons the goblin!
The goblin hits you with a +0 dagger.
You die...

###########
***####**########..........
*,,.....##...............##
*,,........######.######[..
*,*####.##..........,......
*,* #.##S######.########.
**,** #..(@gS...).# #.
**,,.#######g######.#** *#
*,,,?........# *,....* ***
*,,,,######..# *,.g..# *,,
*,,,,,* #..#***,,...# *,*
*,,,,,* #....,,,,g..# *,*
*,,,,,* ##....g,,...# *,*
*,,,,,* ######g###.# *,*
*,,,,,* *,# *,* **,*


You could see an adder, 2 goblins and a friendly adder.

Vanquished Creatures
  Robin (D:2)
  A worm (D:2)
  2 dart slugs (D:1)
  2 bats (D:1)
  3 giant cockroaches (D:1)
  2 hobgoblins
  2 kobolds (D:1)
  2 frilled lizards
  7 goblins
  2 rats (D:1)
24 creatures vanquished.

Vanquished Creatures (collateral kills)
  A goblin (D:2)
  A hobgoblin (D:2)
2 creatures vanquished.

Grand Total: 26 creatures vanquished

Notes
Turn   | Place    | Note
-------+----------+-------------------------------------------
     0 | D:1      | MoonlitKnight the Naga Transmuter began the quest for the
                  | Orb.
     0 | D:1      | Reached XP level 1. HP: 18/18 MP: 3/3
   293 | D:1      | Reached XP level 2. HP: 24/25 MP: 5/5
   304 | D:1      | Learned a level 2 spell: Sticks to Snakes
  1205 | D:2      | Reached XP level 3. HP: 28/32 MP: 6/6
  1233 | D:2      | Noticed Robin
  1255 | D:2      | Killed Robin
  1257 | D:2      | Slain by a goblin

Levels and vault maps discovered:
D:1:      scummos_arrival_forest, layout_loops_corners
D:2:      layout_loops_ring, minitemple, chequers_ecumenical_altar_grove,
          first_ration, uniq_robin

Skill      XL: |  1  2  3 |
---------------+----------+-----
Fighting       | 2 |  2.0
Dodging        | |  1.5
Unarmed Combat | |  3.5
Spellcasting   | |  2.0
Transmutations | |  2.6

Action                   || total
-------------------------++-------
Melee: Unarmed           ||    51
 Cast: Beastly Appendage ||     1
       Sticks to Snakes  ||     1
 Abil: Spit Poison       ||    18
  Use: Scroll            ||     3
 Stab: Sleeping          ||     1
  Eat: Chunk             ||     1
Armor: Robe              ||    12
Dodge: Dodged            ||    22

Table legend:
 A = Non-vault XP
 B = Vault XP
 C = Vault XP percentage of total XP
 D = Non-vault monster count
 E = Vault monster count
 F = Vault count percentage of total count
                 A         B        C        D         E       F
            +---------+---------+-------+---------+---------+-------
      Total |      36 |      21 |  36.8 |      18 |       8 |  30.8
            +---------+---------+-------+---------+---------+-------
        D:1 |      30 |       0 |   0.0 |      16 |       0 |   0.0
        D:2 |       6 |      21 |  77.8 |       2 |       8 |  80.0
            +---------+---------+-------+---------+---------+-------
